 Dungeon Crawl Stone Soup version 0.28.0 (webtiles) character file.

Game seed: 3440569458421661069

5071 Anon1729 the Martial Artist (level 10, -3/58 HPs)
             Began as an Octopode Transmuter on Feb 16, 2022.
             Was an Elder of Fedhas.
             Slain by a yak (13 damage)
             ... on level 8 of the Dungeon.
             The game lasted 00:21:26 (14647 turns).

Anon1729 the Martial Artist (Octopode Transmuter)  Turns: 14647, Time: 00:21:27

Health: -3/58      AC:  1    Str:  9    XL:     10   Next: 56%
Magic:  14/14      EV: 15    Int: 20    God:    Fedhas [****..]
Gold:   67         SH:  5    Dex: 13    Spells: 7/13 levels left

rFire   . . .      SeeInvis .     - Unarmed
rCold   . . .      Faith    .   (no shield)
rNeg    . . .      Spirit   .   (helmet restricted)
rPois   .          Reflect  +   c - amulet of reflection
rElec   .          Harm     .   n - +4 ring of slaying
rCorr   .          Rampage  .   (no ring)
Will    .....                   (no ring)
Stlth   +++.......              (no ring)
HPRegen 0.19/turn               (no ring)
MPRegen 0.14/turn               (no ring)
                                (no ring)
                                (no ring)

@: no status effects
A: almost no armour, amphibious, 8 rings, camouflage 1, gelatinous body 1,
(nimble swimmer 1), tentacles
a: Renounce Religion, Wall of Briars, Grow Ballistomycete, Overgrow


You were on level 8 of the Dungeon.
You worshipped Fedhas.
Fedhas was greatly pleased with you.
You visited 3 branches of the dungeon, and saw 10 of its levels.

You collected 526 gold pieces.
You spent 459 gold pieces at shops.

Inventory:

Missiles
 b - 2 curare-tipped darts
 l - 45 poisoned darts
Jewellery
 c - an amulet of reflection (around mantle)
 n - a +4 ring of slaying (left tentacle)
Wands
 y - a wand of flame (30)
 z - a wand of charming (13)
 A - a wand of iceblast (8)
Scrolls
 a - 3 scrolls of immolation
 d - a scroll of fear
 e - 6 scrolls of teleportation
 f - a scroll of torment
 g - a scroll of enchant armour {unknown}
 h - a scroll of amnesia {unknown}
 k - a scroll of brand weapon {unknown}
 m - a scroll of magic mapping
 o - 2 scrolls of noise {unknown}
 r - a scroll of summoning {unknown}
 s - 2 scrolls of fog
 B - 3 scrolls of blinking
Potions
 i - a potion of brilliance {unknown}
 j - 2 potions of haste {unknown}
 p - a potion of flight
 q - 2 potions of attraction
 t - a potion of invisibility
 u - 2 potions of degeneration {unknown}
 v - a potion of might
 w - a potion of curing
 x - a potion of lignification {unknown}
 C - 2 potions of heal wounds
 D - a potion of berserk rage {unknown}


   Skills:
 - Level 1.0 Fighting
 + Level 5.4 Dodging
 + Level 3.7 Stealth
 + Level 8.7 Unarmed Combat
 + Level 2.2 Spellcasting
 + Level 7.4 Transmutations
 + Level 8.5 Poison Magic
 + Level 5.9 Invocations


You had 7 spell levels left.
You knew the following spells:

 Your Spells              Type           Power      Damage    Failure   Level
a - Beastly Appendage     Tmut           62%        N/A       1%          1
b - Wereblood             Tmut           31%        N/A       1%          2
c - Spider Form           Tmut/Pois      34%        N/A       1%          3

Your spell library contained the following spells:

 Spells                   Type           Power      Damage    Failure   Level
 Animate Skeleton         Necr           4%         N/A       16%         1
 Pain                     Necr           8%         1d4       16%         1
 Corpse Rot               Necr/Air       4%         N/A       24%         2
 Sublimation of Blood     Necr           2%         N/A       24%         2
 Ice Form                 Ice/Tmut       17%        N/A       32%         4
 Vampiric Draining        Necr           2%         2d6       43%         3
 Dispel Undead            Necr           2%         3d7       83%         4
 Death Channel            Necr           1%         N/A       100%        6
 Summon Hydra             Summ           1%         N/A       100%        7


Dungeon Overview and Level Annotations

Branches:
Dungeon (8/15)             Temple (1/1) D:4            Lair (1/6) D:8

Altars:
Ashenzari
Cheibriados
Dithmenos
Fedhas
Gozag
Hepliaklqana
Kikubaaqudgha
Makhleb
Nemelex Xobeh
Okawaru
Qazlal
Ru
Sif Muna
Trog
Wu Jian
Xom
Yredelemnul
Zin
The Shining One
Beogh

Shops:
D:4 !   D:6 *   D:8 *

Annotations:
D:5 3 runed translucent doors, funkygono's ghost, novice GrFE


Innate Abilities, Weirdness & Mutations

You cannot wear most types of armour.
You are amphibious.
You can wear up to eight rings at the same time.
Your skin changes colour to match your surroundings (Stealth+).
Your rubbery body absorbs attacks. (AC +1, EV +1)
((You are camouflaged when in or above water. (Stealth+)))
You have tentacles for arms and can constrict up to eight enemies at once.


Message History

The yak is almost dead.
The yak completely misses you. The yak closely misses you.
You bite the yak!
The yak is moderately wounded.
The yak completely misses you. The yak gores you!
You hit the yak.
The yak is poisoned.
The yak is heavily wounded.
The yak closely misses you.
You bite the yak!
The yak looks as sick as possible!
The yak is almost dead.
You kill the yak!
Fedhas appreciates your contribution to the ecosystem.
You bite the yak!
You feel a bit better.
You kill the yak!
Fedhas appreciates your contribution to the ecosystem.
You barely miss the yak. The yak barely misses you.
You completely miss the yak.
You hiss as the wereblood boils in your veins!
The yak gores you!
You hiss as the wereblood boils in your veins!
You hiss as the wereblood boils in your veins!
There is an open door here.
You hiss as the wereblood boils in your veins!
Your transformation is almost over.
There is a staircase back to the Dungeon here.
The yak completely misses you.
You climb upwards.
Welcome back to the Dungeon!
There is a staircase to the Lair here.
You bite the yak!
The yak is moderately wounded.
You bite the yak!
The yak looks as sick as possible!
The yak is heavily wounded.
The yak gores you!
* * * LOW HITPOINT WARNING * * *
Your transformation has ended.
Your primal bloodlust is almost over.
You howl as the wereblood boils in your veins!
Your primal bloodlust has ended.
The yak gores you!
You die...
Fedhas appreciates your contribution to the ecosystem.

#.#.#..#.# ##.......#
##...###.###.........
##PP...##...'.........
#PP.....#.###.........
#PPP....#.# ##.......#
#PPPP.....# ##.....##
#PP.......# ##...##
#PP..PY...# ##'##
#PP..@P..## #.#
#P.>.PPP.# #.#
#P...P.P## ##.##
#PPPPP..########...##
##PPPPP##...........#
############......###
#......... #......###
##.....#


You could see a yak (very poisoned).

Vanquished Creatures
  A komodo dragon (D:8)
  A troll (D:7)
  Grinder (D:4)
  Sigmund (D:3)
  A wyvern (D:8)
  Eustachio (D:4)
  2 yaks (Lair:1)
  A water moccasin (Lair:1)
  4 orc warriors
  2 sky beasts (D:6)
  2 necrophages
  2 ogres
  2 centaurs
  A phantom (D:5)
  7 kobold brigands
  3 bullfrogs
  Blork the orc (D:5)
  A gnoll sergeant (D:8)
  A scorpion (D:6)
  A wyvern skeleton (D:7)
  6 wights
  An electric eel (D:6)
  2 hounds
  A bullfrog zombie (D:7)
  A gnoll shaman (D:7)
  4 orc priests
  A centaur skeleton (D:6)
  Crazy Yiuf (D:3)
  4 iguanas (D:5)
  Jessica (D:3)
  9 orc wizards
  A killer bee zombie (D:8)
  A howler monkey zombie (D:8)
  31 gnolls
  5 adders
  2 shadow imps
  2 white imps (D:6)
  2 ufetubi
  An adder skeleton (D:4)
  3 worms
  A dart slug (D:1)
  37 orcs
  6 endoplasms
  A giant cockroach (D:2)
  8 goblins
  9 hobgoblins
  4 jackals (D:2)
  6 quokkas
  5 ball pythons
  7 bats
  7 frilled lizards
  54 kobolds
  3 rats
  A bush (D:4)
264 creatures vanquished.

Vanquished Creatures (others)
  2 fungi (Lair:1)
  17 plants
19 creatures vanquished.

Grand Total: 283 creatures vanquished

Notes
Turn   | Place    | Note
-------+----------+-------------------------------------------
     0 | D:1      | Anon1729 the Octopode Transmuter began the quest for the
                  | Orb.
     0 | D:1      | Reached XP level 1. HP: 13/13 MP: 3/3
   645 | D:1      | Reached XP level 2. HP: 18/18 MP: 5/5
  1032 | D:1      | Found a faded altar of an unknown god.
  1127 | D:1      | Reached XP level 3. HP: 23/23 MP: 6/6
  2353 | D:3      | Noticed Sigmund
  2753 | D:3      | Reached XP level 4. HP: 19/28 MP: 5/7
  2914 | D:3      | Learned a level 2 spell: Wereblood
  2918 | D:3      | Learned a level 3 spell: Spider Form
  3460 | D:3      | Found a shimmering blue altar of Sif Muna.
  3685 | D:3      | Noticed Jessica
  3692 | D:3      | Killed Jessica
  3693 | D:3      | Reached skill level 5 in Unarmed Combat
  3693 | D:3      | Reached skill level 1 in Poison Magic
  3775 | D:3      | Reached XP level 5. HP: 29/33 MP: 8/8
  3886 | D:3      | Found a sparkling altar of Nemelex Xobeh.
  3886 | D:3      | Found a bloodstained altar of Trog.
  3988 | D:3      | Found a runed translucent door.
  3989 | D:3      | Noticed Crazy Yiuf
  4001 | D:3      | Killed Crazy Yiuf
  4319 | D:3      | Killed Sigmund
  4320 | D:3      | Reached XP level 6. HP: 38/38 MP: 6/9
  4627 | D:4      | Noticed Grinder
  4639 | D:4      | Killed Grinder
  4640 | D:4      | Reached XP level 7. HP: 42/43 MP: 8/10
  4687 | D:4      | Found Tijebb's Distillery.
  4692 | D:4      | Bought a potion of flight for 33 gold pieces
  4692 | D:4      | Bought a potion of heal wounds for 55 gold pieces
  4901 | D:4      | Noticed Eustachio
  4929 | D:4      | Killed Eustachio
  5148 | D:4      | Found a staircase to the Ecumenical Temple.
  5713 | Temple   | Entered the Ecumenical Temple
  5887 | Temple   | Became a worshipper of Fedhas Madash
  5947 | D:4      | Bought a potion of invisibility for 88 gold pieces
  5961 | D:5      | Entered Level 5 of the Dungeon
  6092 | D:5      | Noticed Blork the orc
  6100 | D:5      | Killed Blork the orc
  6101 | D:5      | Reached skill level 5 in Poison Magic
  6201 | D:5      | Reached XP level 8. HP: 15/48 MP: 5/11
  6209 | D:5      | Reached skill level 1 in Invocations
  6617 | D:5      | Reached skill level 5 in Transmutations
  7119 | D:5      | Reached * piety under Fedhas
  7536 | D:5      | Reached ** piety under Fedhas
  8419 | D:5      | Reached *** piety under Fedhas
  8533 | D:5      | Reached XP level 9. HP: 45/53 MP: 12/12
  8607 | D:5      | Found a runed translucent gate.
  8607 | D:5      | Found a runed translucent gate.
  8608 | D:5      | Found a runed translucent gate.
  8609 | D:5      | Noticed funkygono's ghost (novice GrFE)
  8807 | D:4      | Bought a potion of attraction for 33 gold pieces
  8807 | D:4      | Bought a potion of might for 44 gold pieces
  8807 | D:4      | Bought a potion of curing for 33 gold pieces
  9568 | D:6      | Found Ycyar's Overcharged Wands.
 10605 | D:6      | Found an iron altar of Okawaru.
 11816 | D:7      | Reached **** piety under Fedhas
 12194 | D:7      | Noticed a troll
 12209 | D:7      | HP: 1/53 [troll (13)]
 12232 | D:7      | Killed a troll
 12233 | D:7      | Reached skill level 5 in Invocations
 12233 | D:7      | Reached XP level 10. HP: 6/58 MP: 13/13
 12748 | D:4      | Bought 2 potions of heal wounds for 110 gold pieces
 13087 | D:8      | Reached skill level 1 in Stealth
 13530 | D:8      | Reached skill level 5 in Dodging
 13597 | D:8      | Found an opulent altar of Gozag.
 13740 | D:8      | Found Tum Cyzo's Assorted Antiques.
 13745 | D:8      | Bought a scroll labelled SOUSOI ZASTRE for 21 gold pieces
 13745 | D:8      | Bought a scroll of identify for 42 gold pieces
 13825 | D:8      | Found a staircase to the Lair.
 14577 | Lair:1   | Entered Level 1 of the Lair of Beasts
 14647 | D:8      | Slain by a yak

Illustrated notes

Levels and vault maps discovered:
D:1:      shiori_arrival_maze, layout_basic, serial_corexii_hall,
          corexii_hall_statues_deadend, chequers_hall_statues_y,
          corexii_hall_statues_l, hellmonk_ecumenical_altar_blasted
D:2:      layout_loops_corners, minmay_statues_item
D:3:      layout_basic, lemuel_crystal_altar, gammafunk_temple_overflow_wave,
          st_stairs_1, minmay_fractal_squares_gapless_5, uniq_sigmund,
          uniq_jessica, uniq_crazy_yiuf_cottage
D:4:      layout_basic, minmay_temple_entry_overgrown, serial_forest,
          infiniplex_forest_lined_room_2, infiniplex_forest_clump_curved,
          infiniplex_forest_end_2, infiniplex_forest_diagonal,
          infiniplex_forest_end_2, infiniplex_forest_lined_ring,
          infiniplex_forest_lined_ring, infiniplex_forest_clump_curved,
          serial_shops, shop, uniq_eustachio, uniq_grinder
D:5:      minmay_goblin_kobold_castle, layout_loops_ring,
          gammafunk_ghost_necromancy, uniq_blork_the_orc
D:6:      layout_basic, marbit_many_paths, serial_bayou, serial_bayou_pond_e,
          serial_bayou_pond_b, serial_bayou_pond_e, serial_bayou_shore_b,
          serial_bayou_crossing, serial_bayou_pond_e, minmay_misc_feat_room,
          nicolae_shop_overcharged_wands
D:7:      layout_gridville
D:8:      layout_loops_corners, mainiacjoe_overflow_24_doors,
          david_lair_shrubbed, serial_shops, shop, serial_aquarium,
          aquarium_bridge_square [aquarium_subvault_bridge,
          aquarium_subvault_bridge, aquarium_subvault_wall,
          aquarium_subvault_wall], aquarium_window_corridor_2,
          aquarium_window_1, aquarium_window_2, aquarium_window_fake,
          aquarium_view_2c, aquarium_balcony_3b, special_room [special_room_orc]
Temple:   eino_narrow_crystal_temple
Lair:1:   layout_roguey, beast_lair_carwin_2, grunt_megastairs_3

Skill      XL: |  1  2  3  4  5  6  7  8  9 10 |
---------------+-------------------------------+-----
Unarmed Combat | 4 5 6 7 8 |  8.7
Poison Magic   | 1 3 4 5 6 7 8 |  8.5
Transmutations | 3 4 5 6 7 |  7.4
Invocations    | 3 5 |  5.9
Dodging        | 4 5 |  5.4
Stealth        | 3 |  3.7
Fighting       | |  1.0
Spellcasting   | |  2.2

Action                   |  1- 3 |  4- 6 |  7- 9 | 10-12 || total
-------------------------+-------+-------+-------+-------++-------
Melee: Unarmed           |   102 |    66 |   370 |   138 ||   676
       Constrict         |    24 |    15 |    37 |    14 ||    90
       Tentacles         |    12 |    15 |    50 |    13 ||    90
       Punch             |     4 |       |    15 |     2 ||    21
       Kick              |     9 |     5 |    16 |    10 ||    40
 Cast: Beastly Appendage |     6 |     3 |    11 |     3 ||    23
       Spider Form       |       |     3 |    25 |     6 ||    34
       Wereblood         |       |       |     2 |     3 ||     5
Evoke: Wand              |       |       |     3 |       ||     3
  Use: Scroll            |     3 |     1 |     3 |     2 ||     9
       Potion            |       |       |     2 |       ||     2
 Stab: Sleeping          |    14 |     3 |     2 |     1 ||    20
       Distracted        |       |       |     1 |     1 ||     2
Armor: Skin              |     8 |     3 |    18 |     3 ||    32
Dodge: Dodged            |    69 |    28 |   268 |    80 ||   445
Block: Other             |    14 |    16 |    82 |    24 ||   136
       Reflection        |       |       |     1 |       ||     1
